 Dungeon Crawl Stone Soup version 0.31.0-11-ge490571c62 (webtiles) character file.

Game seed: 15223592015260112227

1081 hikkokomori the Conjurer (level 8, -3/48 HPs)
             Began as a Gargoyle Alchemist on Jan 29, 2024.
             Was an Initiate of Gozag.
             Slain by a yak (14 damage)
             ... on level 8 of the Dungeon.
             The game lasted 00:11:17 (6387 turns).

hikkokomori the Conjurer (Gargoyle Alchemist)       Turns: 6387, Time: 00:11:18

Health: -3/48      AC:  9    Str: 12    XL:     8   Next: 29%
Magic:  14/15      EV: 11    Int: 18    God:    Gozag
Gold:   198        SH:  0    Dex: 10    Spells: 10/16 levels left

rFire   . . .        q - +1 dagger (protect)
rCold   . . .        (no shield)
rNeg    + . .        u - +0 leather armour {Will+}
rPois   ∞            (no helmet)
rElec   +            n - +0 cloak
rCorr   .            (no gloves)
SInv    .            (no boots)
Will    +....        (no amulet)
Stlth   ++           (no ring)
HPRegen 0.28/turn    (no ring)
MPRegen 0.14/turn

%: no passive effects
@: brilliant
A: sickness immunity, AC +5, negative energy resistance 1, electricity
resistance, torment resistance 1, petrification resistance
a: Renounce Religion, Potion Petition, Call Merchant, Bribe Branch


You were on level 8 of the Dungeon.
You worshipped Gozag.
Gozag was aware of your devotion.
You visited 2 branches of the dungeon, and saw 7 of its levels.

You collected 230 gold pieces.
You paid 32 gold pieces to Gozag.

Inventory:

Hand Weapons
 o - a +1 hammer of holy wrath
 q - a +1 dagger of protection (weapon)
Missiles
 j - 4 poisoned darts
Armour
 n - a +0 cloak (worn)
 u - a +0 leather armour of willpower (worn)
Jewellery
 g - an amulet of faith
Scrolls
 a - a scroll of amnesia {unknown}
Potions
 d - a potion of brilliance
 h - 3 potions of might
 r - a potion of heal wounds


   Skills:
 + Level 3.8 Fighting
 - Level 1.5 Dodging
 - Level 2.6 Stealth
 + Level 4.6 Spellcasting
 + Level 5.0 Conjurations
 - Level 2.1 Air Magic
 + Level 4.5 Alchemy


You had 10 spell levels left.
You knew the following spells:

 Your Spells              Type           Power      Damage    Failure   Level
a - Sting                 Conj/Alch      100%       1d9       2%          1
b - Mercury Vapours       Alch/Air       48%        N/A       7%          2
c - Mephitic Cloud        Conj/Alch/Air  27%        N/A       11%         3

Your spell library contained the following spells:

 Spells                   Type           Power      Damage    Failure   Level
 Magic Dart               Conj           100%       1d8       2%          1
 Searing Ray              Conj           66%        2d6       3%          2
 Apportation              Tloc           12%        N/A       17%         1
 Necrotise                Necr           24%        1d5       17%         1
 Summon Small Mammal      Summ           24%        N/A       17%         1
 Fulminant Prism          Conj/Alch      16%        3d10      24%         4
 Olgreb's Toxic Radiance  Alch           31%        N/A       26%         4
 Sticky Flame             Fire/Alch      18%        2d6       56%         4
 Freezing Cloud           Conj/Ice/Air   9%         6-21      88%         5


Dungeon Overview and Level Annotations

Branches:
Dungeon (5/15)             Temple (1/1) D:4

Altars:
Cheibriados
Elyvilon
Fedhas
Gozag
Hepliaklqana
Kikubaaqudgha
Makhleb
Nemelex Xobeh
Okawaru
Qazlal
Ru
Sif Muna
Trog
Uskayaw
Xom
Yredelemnul
Zin

Shops:
D:1 =   D:4 [[*[


Innate Abilities, Weirdness & Mutations

You are immune to sickness and miasma.
Your stone body is resilient. (AC +5)
You are immune to poison.
You resist negative energy. (rN+)
You are resistant to electric shocks. (rElec)
You are resistant to unholy torment.
You are immune to petrification.


Message History

Your enlightenment fades.
The white imp gestures at you. The puff of frost hits you.
Found a scroll labelled YTEYGAKIRA.
The white imp gestures at you. The puff of frost hits you.
Found a dagger.
The air fills with toxic fumes!
As you read the scroll of poison, it crumbles to dust.
The white imp gestures at you. The puff of frost misses you.
A yak comes into view.
The yak bellows!
You hear a bellow!
You hear an angry buzzing noise.
The yak moves out of view.
A yak comes into view.
Found a scroll labelled HUEGERPHIATI.
A yak comes into view. x2
A yak comes into view.
Found a stone staircase leading down.
The yak bellows!
You hear a bellow!
You hear a shout! x4
The yak is engulfed in poison gas.
The yak is poisoned.
You see here a scroll labelled YTEYGAKIRA.
a - a scroll labelled YTEYGAKIRA The yak looks even sicker.
The yak is engulfed in poison gas.
The yak looks even sicker.
The white imp gestures at you. The puff of frost hits you!
* * * LOW HITPOINT WARNING * * *
The yak looks as sick as possible!
The yak is engulfed in poison gas.
The yak looks as sick as possible!
The yak is engulfed in poison gas.
The yak is poisoned.
The white imp gestures at you. The puff of frost hits you.
* * * LOW HITPOINT WARNING * * *
The yak misses you.
A yak comes into view.
The yak bellows!
The yak attacks as it pursues you! The yak gores you!
You die...
Your body crumbles into a pile of gold.

.#.# ...## . ....
#>..#...##
....#..?..
.........#
.........##
.......@.#####
.##....Y.....## .
##°☼☼..☼#....##
..#§.Y§§☼§○.§☼§.#
Y.Y○○§§○§☼☼☼.§☼.##
Y.Y°..§○☼○§°☼.☼..#
.YY#☼§☼☼5○§☼.§....
#.###☼§☼☼§○§§§☼...
. #.§§§☼§§○○....


You could see 6 yaks and a white imp.

Vanquished Creatures
  A rime drake (D:8)
  Sigmund (D:2)
  An orc warrior (D:5)
  A wolf (D:8)
  2 phantoms (D:5)
  A scorpion (D:4)
  Crazy Yiuf (D:2)
  A hound (D:5)
  Natasha (thrice) (D:2)
  An iguana (D:3)
  4 gnolls (D:4)
  2 adders
  2 ufetubi (D:5)
  A ribbon worm (D:4)
  7 orcs
  7 endoplasms
  5 giant cockroaches
  7 goblins
  8 hobgoblins
  9 kobolds
  7 quokkas
  3 ball pythons
  4 bats
  7 frilled lizards
  A rat (D:3)
87 creatures vanquished.

Notes
Turn   | Place    | Note
-------+----------+-------------------------------------------
     0 | D:1      | hikkokomori the Gargoyle Alchemist began the quest for the
                  | Orb.
     0 | D:1      | Reached XP level 1. HP: 10/10 MP: 3/3
   371 | D:1      | Found Nekets's One-of-a-Kind Rings.
   453 | D:1      | Reached XP level 2. HP: 16/16 MP: 0/5
  1119 | D:1      | Reached skill level 1 in Fighting
  1465 | D:2      | Reached XP level 3. HP: 20/20 MP: 4/6
  1468 | D:2      | Learned a level 2 spell: Mercury Vapours
  1472 | D:2      | Learned a level 3 spell: Mephitic Cloud
  1726 | D:2      | Noticed Sigmund
  1737 | D:2      | Killed Sigmund
  1738 | D:2      | Reached skill level 2 in Conjurations
  1738 | D:2      | Reached skill level 1 in Air Magic
  1738 | D:2      | Reached XP level 4. HP: 25/25 MP: 1/8
  1738 | D:2      | Reached XP level 5. HP: 29/29 MP: 1/9
  1928 | D:2      | Found a faded altar of an unknown god.
  2008 | D:2      | Noticed Natasha
  2019 | D:2      | Killed Natasha
  2020 | D:2      | Reached skill level 3 in Conjurations
  2064 | D:2      | Noticed Natasha
  2072 | D:2      | Killed Natasha
  2073 | D:2      | Reached XP level 6. HP: 23/34 MP: 3/10
  2257 | D:2      | Noticed Natasha
  2262 | D:2      | Killed Natasha
  2652 | D:2      | Found a runed translucent door.
  2653 | D:2      | Noticed Crazy Yiuf
  2893 | D:2      | Killed Crazy Yiuf
  3869 | D:3      | Found a hide-covered altar of Uskayaw.
  4264 | D:4      | Found Huit's Armour Shop.
  4477 | D:4      | Reached XP level 7. HP: 37/39 MP: 6/12
  4557 | D:4      | Found Bidgh's Armour Shop.
  4617 | D:4      | Found Jaczuh's General Store.
  4783 | D:4      | Found a staircase to the Ecumenical Temple.
  4879 | D:4      | Found Ycunkyxo's Armour Boutique.
  4957 | Temple   | Entered the Ecumenical Temple
  4963 | Temple   | Became a worshipper of Gozag Ym Sagoz the Greedy
  5725 | D:5      | Entered Level 5 of the Dungeon
  5935 | D:5      | Reached skill level 4 in Conjurations
  6314 | D:5      | You fall into a shaft and drop 3 floors!
  6319 | D:8      | Noticed a rime drake
  6351 | D:8      | Killed a rime drake
  6352 | D:8      | Reached skill level 5 in Conjurations
  6352 | D:8      | Reached XP level 8. HP: 26/48 MP: 9/15
  6363 | D:8      | Found a snail-covered altar of Cheibriados.
  6378 | D:8      | Noticed a yak
  6379 | D:8      | Noticed a yak
  6381 | D:8      | Noticed a yak
  6382 | D:8      | Noticed a yak
  6382 | D:8      | Noticed a yak
  6387 | D:8      | Noticed a yak
  6387 | D:8      | Slain by a yak

Illustrated notes

Levels and vault maps discovered:
D:1:      amcnicky_arrival_gap_in_the_tavern_cellar, layout_loops_corners,
          nicolae_shop_unique_rings, minivault_24, grunt_decor_one_mirror,
          st_stairs_14, patterned_corridor
D:2:      layout_loops_corners, chequers_ecumenical_altar_simple_redux,
          uniq_natasha, uniq_sigmund, uniq_crazy_yiuf_cottage
D:3:      layout_basic, nicolae_uskayaw_suspiria,
          chequers_serial_rivers_small_a, nicolae_underground_beach
D:4:      layout_layer_cave, minmay_temple_entry_glassed_door, serial_shops,
          nicolae_shop_trees, nicolae_shop_getting_attention,
          nicolae_shop_back_alley_shop, nicolae_shop_tiny_waterfront,
          chequers_big_river
D:5:      layout_gridville, chequers_serial_rivers_large_b
D:8:      layout_cave_pools, mainiacjoe_overflow_paths, hellmonk_lair_entry_icy,
          columned_hall_lemuel, uniq_grum
Temple:   hellmonk_temple_of_storms

Skill      XL: |  1  2  3  4  5  6  7 |
---------------+----------------------+-----
Fighting       | 1 3 |  3.8
Spellcasting   | 3 4 |  4.6
Conjurations   | 2 3 5 |  5.0
Air Magic      | 1 2 |  2.1
Alchemy        | 3 4 |  4.5
Dodging        | |  1.5
Stealth        | |  2.6

Action                     |  1- 3 |  4- 6 |  7- 9 || total
---------------------------+-------+-------+-------++-------
  Melee: Short sword       |    18 |    16 |       ||    34
         Dagger            |       |    34 |   143 ||   177
         Punch             |       |       |     1 ||     1
   Cast: Sting             |    51 |    80 |    27 ||   158
         Mephitic Cloud    |     2 |     2 |     5 ||     9
         Mercury Vapours   |       |     1 |     7 ||     8
    Use: Scroll            |       |       |    10 ||    10
         Potion            |       |       |     5 ||     5
   Stab: Confused          |     1 |     1 |       ||     2
         Distracted        |       |     1 |       ||     1
         Sleeping          |       |       |     1 ||     1
 Armour: Robe              |    16 |    12 |       ||    28
         Leather armour    |       |    25 |   148 ||   173
  Dodge: Dodged            |    20 |    36 |   118 ||   174
